 Dungeon Crawl Stone Soup version 0.26-a0-639-g72c4674329 (webtiles) character file.

Game seed: 3384470914981356030

6362 Borgoz the Cruncher (level 10, 0/63 HPs)
             Began as a Gargoyle Gladiator on Sept 17, 2020.
             Slain by a two-headed ogre
             ... wielding a +0 giant club
              (9 damage)
             ... on level 8 of the Dungeon.
             The game lasted 00:18:18 (9318 turns).

Borgoz the Cruncher (Gargoyle Gladiator)            Turns: 9318, Time: 00:18:18

Health: 0/63       AC: 16    Str: 19    XL:     10   Next: 96%
Magic:  13/13      EV: 17    Int:  9    God:
Gold:   471        SH:  0    Dex: 19    Spells: 11/14 levels left

rFire    + . .     SeeInvis .   a - +0 quarterstaff
rCold    . . .     Faith    .   (shield currently unavailable)
rNeg     + . .     Spirit   .   A - +3 ring mail {rF+}
rPois    ∞         Reflect  .   c - +0 helmet
rElec    +         Harm     .   f - +0 cloak
rCorr    .         Rampage  .   (no gloves)
MR       .....                  F - +0 pair of boots
Stlth    +++.......             x - amulet of regeneration
HPRegen  0.60/turn              t - +6 ring of dexterity
MPRegen  0.13/turn              B - -4 ring of protection (curse)

@: mighty
A: negative energy resistance 1, electricity resistance, unbreathing,
petrification resistance, rot immunity, AC +7
a: no special abilities


You were on level 8 of the Dungeon.
You visited 2 branches of the dungeon, and saw 10 of its levels.

You collected 509 gold pieces.
You spent 38 gold pieces at shops.

Inventory:

Hand Weapons
 a - a +0 quarterstaff (weapon)
 l - a +3 quarterstaff of chaos
Armour
 b - a +0 scale mail of magic resistance
 c - a +0 helmet (worn)
 f - a +0 cloak (worn)
 A - a +3 ring mail of fire resistance (worn)
 F - a +0 pair of boots (worn)
Jewellery
 k - an uncursed ring of ice
 t - a +6 ring of dexterity (left hand)
 x - an amulet of regeneration (around neck)
 B - a cursed -4 ring of protection (right hand)
 C - an uncursed ring of protection from cold
 G - the ring of Phasing {EV+8}
   (You found it on level 6 of the Dungeon)

   [ring of evasion]

   It affects your evasion (+8).
Wands
 u - a wand of paralysis (8)
Scrolls
 e - 6 scrolls of remove curse
 i - 3 scrolls of magic mapping
 j - 3 scrolls of teleportation
 m - 2 scrolls of amnesia
 n - 4 scrolls of enchant weapon
 o - a scroll of immolation {unknown}
 s - a scroll of vulnerability {unknown}
 w - 2 scrolls of blinking {unknown}
 y - a scroll of fear
 E - a scroll of random uselessness {unknown}
Potions
 g - a potion of curing
 p - 2 potions of resistance
 q - a potion of stabbing
 r - a potion of haste
 v - 4 potions of heal wounds
 D - a potion of berserk rage {unknown}


   Skills:
 + Level 7.2 Fighting
 * Level 9.4 Staves
 - Level 1.7 Throwing
 + Level 6.6 Armour
 * Level 7.9 Dodging
 - Level 5.0 Stealth
 + Level 2.5 Spellcasting


You had 11 spell levels left.
You knew the following spells:

 Your Spells              Type           Power        Failure   Level
a - Confusing Touch       Hex            #.......     83%         3

Your spell library contained the following spells:

 Spells                   Type           Power        Failure   Level
 Animate Skeleton         Necr           #.....       45%         1
 Magic Dart               Conj           #...         45%         1
 Pain                     Necr           #...         45%         1
 Searing Ray              Conj           #.....       61%         2
 Dazzling Flash           Conj/Hex       #.....       83%         3
 Gell's Gravitas          Tloc           #.........   83%         3
 Vampiric Draining        Necr           #.........   83%         3
 Animate Dead             Necr           #.........   99%         4
 Fulminant Prism          Conj/Hex       #.........   99%         4
 Iskenderun's Mystic Bla  Conj/Tloc      #.......     99%         4
 Petrify                  Tmut/Erth      #.......     99%         4
 Agony                    Necr           #.......     100%        5
 Metabolic Englaciation   Hex/Ice        #.........   100%        5
 Yara's Violent Unravell  Hex/Tmut       #.........   100%        5


Dungeon Overview and Level Annotations

Branches:
Dungeon (9/15)             Temple (1/1) D:5
   Lair: D:8-11         Orc: D:9-12

Altars:
Ashenzari
Cheibriados
Dithmenos
Elyvilon
Fedhas
Gozag
Hepliaklqana
Kikubaaqudgha
Nemelex Xobeh
Okawaru
Qazlal
Ru
Trog
Uskayaw
Vehumet
Xom
Yredelemnul
Zin
The Shining One

Shops:
D:7 ?   D:8 ([*


Innate Abilities, Weirdness & Mutations

You are resistant to torment.
Your stone body is resilient. (AC +7)
You are immune to poison.
You resist negative energy. (rN+)
You are resistant to electric shocks. (rElec)
You can survive without breathing.
You are immune to petrification.
You are immune to rotting.


Message History

The two-headed ogre misses you. x2
You barely miss the two-headed ogre.
The two-headed ogre is almost dead.
You barely miss the two-headed ogre.
The two-headed ogre is almost dead.
The two-headed ogre hits you with a +0 giant spiked club!
* * * LOW HITPOINT WARNING * * *
The two-headed ogre hits you with a +0 giant club.
* * * LOW HITPOINT WARNING * * *
You feel very mighty all of a sudden.
The two-headed ogre completely misses you.
The two-headed ogre misses you.
You bludgeon the two-headed ogre!!
You kill the two-headed ogre!
You hit the two-headed ogre.
The two-headed ogre is lightly wounded.
The two-headed ogre hits you with a +0 giant club.
* * * LOW HITPOINT WARNING * * *
The two-headed ogre hits you with a +0 giant club!
You die...

#.#############.##.###.#
#.# #.# #.###...## #.#
#.# #.# ##.#####.# #.##
#.# #.......# ...## #.#
#>.######
....###########.# #..#
................# ##..#
....#####.#.#######...#
...## #.#.....@Ozz.⌠#
#.## #.#########.∩.#
#.## #.#########⌠.⌠#
...# #.#...........#
#.## #.#.########.## #.#
#.#.# #.# #.# #.#.# #.#
#.# #.#.# #.#
#.#######.#.########.#


You could see a two-headed ogre and 2 wights.

Vanquished Creatures
  A two-headed ogre (D:8)
  The ghost of Tenar the Ruffian, a novice TrFi of Cheibriados (D:6)
  Joseph (D:7)
  The ghost of Caleiyous the Basher, a novice GrFi (D:6)
  Grinder (D:6)
  3 hippogriffs
  Sigmund (D:6)
  Duvessa (D:6)
  4 sky beasts
  A black bear (D:6)
  2 phantoms
  An eye of draining (D:5)
  4 ice beasts
  3 ogres
  6 centaurs
  Blork the orc (D:4)
  4 bullfrogs
  Dowan (D:6)
  2 scorpions (D:8)
  5 killer bees (D:7)
  2 howler monkeys
  A jelly (D:5)
  A centaur zombie (D:5)
  2 hounds
  3 orc priests
  Crazy Yiuf (D:4)
  2 orc wizards
  A bullfrog skeleton (D:7)
  Natasha (thrice) (D:4)
  9 worker ants
  A worker ant zombie (D:6)
  A howler monkey skeleton (D:7)
  11 gnolls
  18 adders
  A shadow imp (D:7)
  3 white imps
  2 ufetubi
  An ooze (D:3)
  3 worms
  3 dart slugs
  3 leopard geckos
  10 orcs
  4 giant cockroaches
  15 goblins
  6 hobgoblins
  4 jackals (D:3)
  7 kobolds
  4 quokkas
  9 bats
  8 frilled lizards
  2 leopard gecko skeletons (D:4)
  3 rats
188 creatures vanquished.

Vanquished Creatures (others)
  3 plants (D:6)
  6 withered plants (D:6)
9 creatures vanquished.

Grand Total: 197 creatures vanquished

Notes
Turn   | Place    | Note
-------+----------+-------------------------------------------
     0 | D:1      | Borgoz the Gargoyle Gladiator began the quest for the Orb.
     0 | D:1      | Reached XP level 1. HP: 12/12 MP: 1/1
   207 | D:1      | Reached XP level 2. HP: 17/17 MP: 2/2
   815 | D:2      | Reached XP level 3. HP: 21/22 MP: 3/3
  1033 | D:2      | Reached skill level 1 in Armour
  1497 | D:2      | Reached XP level 4. HP: 23/27 MP: 4/4
  2391 | D:3      | Reached skill level 4 in Staves
  2391 | D:3      | Reached XP level 5. HP: 32/32 MP: 5/5
  3242 | D:4      | Reached skill level 1 in Stealth
  3250 | D:4      | Reached XP level 6. HP: 27/37 MP: 6/6
  3380 | D:4      | Noticed Natasha
  3387 | D:4      | Killed Natasha
  3402 | D:4      | Found a large runed translucent door.
  3402 | D:4      | Found a large runed translucent door.
  3490 | D:4      | Noticed Blork the orc
  3505 | D:4      | Killed Blork the orc
  3753 | D:4      | Found a large runed translucent door.
  3753 | D:4      | Found a large runed translucent door.
  3825 | D:4      | Noticed Natasha
  3837 | D:4      | Killed Natasha
  3888 | D:4      | Noticed Natasha
  3918 | D:4      | Reached XP level 7. HP: 30/42 MP: 7/7
  4008 | D:4      | Reached skill level 5 in Staves
  4287 | D:4      | Found a runed translucent door.
  4288 | D:4      | Noticed Crazy Yiuf
  4414 | D:4      | Killed Crazy Yiuf
  4568 | D:5      | Entered Level 5 of the Dungeon
  4850 | D:5      | Reached XP level 8. HP: 34/48 MP: 8/8
  5095 | D:5      | Noticed a hippogriff
  5117 | D:5      | Killed a hippogriff
  5117 | D:5      | Reached skill level 6 in Staves
  5117 | D:5      | Reached skill level 5 in Dodging
  5272 | D:5      | Found a glowing golden altar of the Shining One.
  5347 | D:5      | Found a staircase to the Ecumenical Temple.
  5403 | D:5      | Found a sacrificial altar of Ru.
  5652 | Temple   | Entered the Ecumenical Temple
  5932 | D:6      | Noticed Grinder
  5945 | D:6      | Paralysed by Grinder for 6 turns
  5952 | D:6      | Killed Grinder
  5952 | D:6      | Reached skill level 5 in Fighting
  6013 | D:6      | Reached XP level 9. HP: 51/54 MP: 9/9
  6115 | D:6      | Found a shadowy altar of Dithmenos.
  6235 | D:6      | Reached skill level 7 in Staves
  6252 | D:6      | Noticed Sigmund
  6269 | D:6      | Killed Sigmund
  6618 | D:6      | Noticed Dowan
  6619 | D:6      | Noticed Duvessa
  6656 | D:6      | Killed Duvessa
  6671 | D:6      | Killed Dowan
  6671 | D:6      | Reached skill level 5 in Stealth
  6755 | D:6      | Found a runed translucent gate.
  6756 | D:6      | Found a runed translucent gate.
  6757 | D:6      | Found a runed translucent gate.
  6758 | D:6      | Noticed Tenar's ghost (novice TrFi)
  6758 | D:6      | Noticed Caleiyous's ghost (novice GrFi)
  6765 | D:6      | Found the ring of Phasing {EV+8}
  7191 | D:4      | Reached skill level 5 in Armour
  7212 | D:4      | Killed Natasha
  7487 | D:7      | Noticed an angel
  7488 | D:7      | Found a glowing silver altar of Zin.
  7499 | D:7      | Reached skill level 8 in Staves
  7627 | D:7      | Reached XP level 10. HP: 41/60 MP: 10/10
  7725 | D:7      | Learned a level 3 spell: Confusing Touch
  7826 | D:7      | Found Juew's Magic Scroll Shop.
  7933 | D:7      | Noticed Joseph
  7960 | D:7      | Killed Joseph
  7960 | D:7      | Reached skill level 1 in Spellcasting
  8249 | D:8      | Found an iron altar of Okawaru.
  8272 | D:8      | Found an opulent altar of Gozag.
  8286 | D:8      | Found a white marble altar of Elyvilon.
  8289 | D:8      | Found a hide-covered altar of Uskayaw.
  8380 | D:8      | Found Regupil's Antique Armour Emporium.
  8380 | D:8      | Found Womihov's Weapon Boutique.
  8421 | D:8      | Found a snail-covered altar of Cheibriados.
  8585 | D:8      | Found Roemigopt's General Store.
  8593 | D:8      | Bought a scroll of fear for 38 gold pieces
  8693 | D:8      | Found a hazy altar of Hepliaklqana.
  9008 | D:6      | Killed Tenar's ghost
  9008 | D:6      | Reached skill level 9 in Staves
  9112 | D:6      | Killed Caleiyous's ghost
  9183 | D:9      | Noticed a two-headed ogre
  9185 | D:9      | Noticed a two-headed ogre
  9317 | D:8      | Killed a two-headed ogre
  9318 | D:8      | Slain by a two-headed ogre

Illustrated notes

Levels and vault maps discovered:
D:1:      roderic_dead_forest, layout_loops_cross
D:2:      minmay_alternating_diamond, layout_loops_ring
D:3:      layout_basic
D:4:      layout_loops_ring, minmay_hollow_rounded_squares, uniq_blork_the_orc,
          uniq_natasha, uniq_crazy_yiuf_cottage
D:5:      layout_cave_pools, old_standard_altar, old_standard_altar, temple_hall
D:6:      corexii_shack_village, layout_loops_corners, marbit_many_paths,
          gammafunk_ghost_cemetery, serial_bayou_pond_a, uniq_sigmund,
          uniq_grinder, uniq_duvessa
D:7:      layout_cave_pools, zin_angel, serial_shops, shop_fountains,
          uniq_joseph
D:8:      layout_loops_ring, old_standard_altar, lemuel_doored_altar,
          grunt_temple_overflow_cloverleaf, serial_shops, shop, shop_fountains,
          nicolae_shop_window_shopping
D:9:      layout_cave_pools, lemuel_blue_sif_altar, kennysheep_mini,
          makhleb_heckhound_becter, dpeg_oklobed_lair, uniq_gastronok
Temple:   jpeg_temple_island

Skill      XL: |  1  2  3  4  5  6  7  8  9 10 |
---------------+-------------------------------+-----
Armour         | 1 2 3 4 5 6 |  6.6
Dodging        | 3 4 5 6 7 |  7.9
Staves         | 4 5 6 8 9 |  9.4
Fighting       | 3 4 5 6 7 |  7.2
Stealth        | 1 2 3 4 5 |  5.0
Spellcasting   | 2 |  2.5
Throwing       | |  1.7

Action                   |  1- 3 |  4- 6 |  7- 9 | 10-12 || total
-------------------------+-------+-------+-------+-------++-------
Melee: Quarterstaff      |    99 |   193 |   451 |   251 ||   994
Throw: Throwing net      |     1 |     1 |     2 |     2 ||     6
  Use: Scroll            |       |       |    12 |     2 ||    14
       Potion            |       |       |     1 |     3 ||     4
 Stab: Sleeping          |       |     3 |     8 |     3 ||    14
       Held in net/web   |       |       |     1 |     2 ||     3
       Invisible         |       |       |     2 |       ||     2
Armor: Leather armour    |    28 |    79 |   113 |       ||   220
       Ring mail         |       |       |    57 |    81 ||   138
Dodge: Dodged            |    65 |   138 |   352 |   162 ||   717

Table legend: (Time is in decaauts)
 A = Elapsed time spent in this place.
 B = Non-inter-level travel time spent in this place.
 C = Inter-level travel time spent in this place.
 D = Time resting spent in this place.
 E = Time spent auto-exploring this place.
 F = Levels seen in this place.
 G = Mean time per level.
                   A        B        C        D        E       F      G
               +--------+--------+--------+--------+--------+-----+--------+
         Total |   9356 |   8651 |    705 |   1149 |   5608 |  10 |  935.6 |
       Dungeon |   9090 |   8391 |    699 |   1149 |   5379 |   9 | 1010.0 |
        Temple |    265 |    259 |      6 |      0 |    228 |   1 |  265.0 |
               +--------+--------+--------+--------+--------+-----+--------+

Top non-repeatable levels by time:
     D:4: 1605 daAuts
     D:6: 1524 daAuts
     D:2: 1347 daAuts
     D:5: 1153 daAuts
     D:3: 1078 daAuts
     D:8: 863 daAuts
     D:7: 778 daAuts
     D:1: 714 daAuts
  Temple: 265 daAuts
     D:9: 26 daAuts
